 Dungeon Crawl Stone Soup version 0.27.1-34-g3ba077fa99 (webtiles) character file.

Game seed: 8233790884547150311

5 cbfl8 the Sneak (level 1, -1/20 HPs)
             Began as a Minotaur Delver on Jan 14, 2022.
             Slain by a necrophage (4 damage)
             ... on level 5 of the Dungeon.
             The game lasted 00:00:58 (137 turns).

cbfl8 the Sneak (Minotaur Delver)                    Turns: 137, Time: 00:00:59

Health: -1/20      AC:  3    Str: 16    XL:     1   Next: 66%
Magic:  0/0        EV: 11    Int:  7    God:
Gold:   9          SH:  0    Dex: 11    Spells: 0/0 levels left

rFire    . . .     SeeInvis .   a - +0 hand axe
rCold    . . .     Faith    .   (no shield)
rNeg     . . .     Spirit   .   b - +0 leather armour
rPois    .         Reflect  .   (helmet restricted)
rElec    .         Harm     .   (no cloak)
rCorr    .         Rampage  .   (no gloves)
Will     .....                  (no boots)
Stlth    ++........             (no amulet)
HPRegen  0.06/turn              (no ring)
MPRegen  0.07/turn              (no ring)

@: no status effects
A: horns 2, retaliatory headbutt
a: no special abilities


You were on level 5 of the Dungeon.
You visited 1 branch of the dungeon, and saw 1 of its levels.

You collected 9 gold pieces.

Inventory:

Hand Weapons
 a - a +0 hand axe (weapon)
 h - a +1 mace of protection
Armour
 b - a +0 leather armour (worn)
Wands
 g - a wand of digging (3)
Scrolls
 c - a scroll of fog
 d - a scroll of magic mapping
 e - a scroll of fear
Potions
 f - a potion of haste


   Skills:
 + Level 3.7 Fighting
 + Level 2.4 Axes
 + Level 0.2 Armour
 + Level 2.2 Dodging
 + Level 4.2 Stealth


You couldn't memorise any spells.
You didn't know any spells.
Your spell library was empty.

Dungeon Overview and Level Annotations

Branches:
Dungeon (5/15)
 Temple: D:4-7

Altars:
Wu Jian


Innate Abilities, Weirdness & Mutations

You have a pair of horns on your head.
You reflexively headbutt those who attack you in melee.


Message History

Found 11 gold pieces.
There are monsters nearby!
There's nothing to open nearby.
There's nothing to open nearby.
There is a large open door here.
There's nothing to open nearby.
There's nothing to open nearby.
The ufetubus hits you but does no damage.
The ufetubus hits you.
The ufetubus hits you but does no damage.
The ufetubus hits you.
The ufetubus hits you but does no damage.
The ufetubus closely misses you. The ufetubus barely misses you.
The ufetubus completely misses you. The hound closely misses you.
You furiously retaliate!
You headbutt the hound. The ufetubus misses you.
The ufetubus hits you but does no damage.
The ufetubus hits you. x2; The hound closely misses you.
The ufetubus barely misses you. x2
The ufetubus closely misses you. The ufetubus hits you.
The ufetubus barely misses you. The ufetubus closely misses you.
The ufetubus hits you but does no damage.
The ufetubus hits you. The hound completely misses you. The hound bites you.
The ufetubus closely misses you. You furiously retaliate!
You headbutt the ufetubus!
You kill the ufetubus!
The hound barely misses you. The hound bites you but does no damage.
The hound bites you.
* * * LOW HITPOINT WARNING * * *
The hound barely misses you. x2; You furiously retaliate!
You headbutt the hound!
A necrophage comes into view.
The hound misses you. x2
The hound closely misses you. The hound bites you but does no damage.
The hound bites you but does no damage. The necrophage hits you.
You die...

.####...#....##.#
........#....##.####
#.####.......#
#....#.......#
###..........#
#.#........#
#.#........#
##...n......#
##...Zh@>....#
#..##........#
##########.####.#.#####
.......#...##.........#
.........#............#
#.###..####++##.......#
#.#⌠#..# ##......#
....#..## .. ##.#####
._..#..#. ##. .#.#


You could see a necrophage, a hound and a water moccasin skeleton.

Vanquished Creatures
  An ufetubus (D:5)
1 creature vanquished.

Notes
Turn   | Place    | Note
-------+----------+-------------------------------------------
     0 | D:5      | cbfl8 the Minotaur Delver began the quest for the Orb.
     0 | D:5      | Reached XP level 1. HP: 19/19 MP: 0/0
    72 | D:5      | Found an ornate altar of the Wu Jian Council.
   105 | D:5      | Noticed a hound
   130 | D:5      | Noticed a necrophage
   137 | D:5      | Slain by a necrophage

Illustrated notes

Levels and vault maps discovered:
D:5:      layout_rooms, mainiacjoe_overflow_alcove_2, slow_altar_2,
          kennysheep_generic_room_3

Action                   || total
-------------------------++-------
Armor: Leather armour    ||     8
Dodge: Dodged            ||    19
